 Dungeon Crawl Stone Soup version 0.23.2-1-ga50397a6bc (webtiles) character file.

Game seed: 8316082624754525090

13484 Foic the Cleaver (level 12, -4/105 HPs)
             Began as a Hill Orc Fighter on May 12, 2019.
             Was a Priest of Qazlal.
             Slain by a 16-headed hydra (6 damage)
             ... on level 2 of the Lair of Beasts on May 13, 2019.
             The game lasted 00:43:53 (10370 turns).

Foic the Cleaver (Hill Orc Fighter)                Turns: 10370, Time: 00:43:53

Health: -4/105     AC: 18    Str: 26    XL:     12   Next: 6%
Magic:  12/12      EV:  7    Int:  8    God:    Qazlal [***...]
Gold:   628        SH: 18    Dex: 14    Spells: 11/11 levels left

rFire    . . .     SeeInvis .   J - +4 war axe (freeze)
rCold    . . .     Gourm    .   c - +0 shield
rNeg     . . .     Faith    .   u - +0 plate armour
rPois    .         Spirit   .   (no helmet)
rElec    .         Reflect  .   K - +0 cloak
rCorr    +         Harm     .   M - +0 pair of gloves
MR       .....                  D - +0 pair of boots
Stlth    ..........             r - amulet of regeneration
HPRegen  0.67/turn              z - +4 ring of dexterity
MPRegen  0.13/turn              H - ring of resist corrosion

@: lethally poisoned (-4 -> -4)
A: screaming 1, strong 1
a: Upheaval, Elemental Force, Renounce Religion


You were on level 2 of the Lair of Beasts.
You worshipped Qazlal.
Qazlal was most pleased with you.
You were hungry.

You visited 4 branches of the dungeon, and saw 14 of its levels.
You also visited: Sewer.

You collected 628 gold pieces.

Inventory:

Hand Weapons
 a - a +1 war axe
 g - a +3 battleaxe
 y - the +1 dagger of Karma {holy, Int+4 SInv, unknown}
   (You found it on level 5 of the Dungeon)

   It has been blessed by the Shining One to cause great damage to the undead
   and demons.
   It affects your intelligence (+4).
   It lets you see invisible.
 J - a +4 war axe of freezing (weapon)
Missiles
 l - 322 stones (quivered)
Armour
 b - a +0 scale mail
 c - a +0 shield (worn)
 u - a +0 plate armour (worn)
 D - a +0 pair of boots (worn)
 K - a +0 cloak (worn)
 M - a +0 pair of gloves (worn)
 O - the +4 ring mail of Bad Feelings {*Corrode rElec Str+4 Stlth+, unknown}
   (You found it on level 2 of the Lair of Beasts)

   It affects your strength (+4).
   It insulates you from electricity.
   It may corrode you when you take damage.
   It makes you more stealthy.
Jewellery
 e - a cursed ring of protection from cold
 r - an amulet of regeneration (around neck)
 z - a +4 ring of dexterity (left hand)
 B - a +2 ring of intelligence
 G - an uncursed amulet of the acrobat {unknown}
 H - a ring of resist corrosion (right hand)
 N - a +2 ring of protection {unknown}
Wands
 v - a wand of polymorph (5)
 A - a wand of iceblast (10)
 C - a wand of digging (3)
Scrolls
 i - 7 scrolls of teleportation
 j - a scroll of noise
 m - 4 scrolls of identify
 n - 5 scrolls of fear
 q - 5 scrolls of remove curse
 s - a scroll of enchant armour {unknown}
 t - 3 scrolls of enchant weapon
 L - a scroll of brand weapon {unknown}
Potions
 d - 6 potions of might
 k - 6 potions of curing
 o - a potion of magic
 p - a potion of heal wounds
 w - 2 potions of lignification
 x - 2 potions of brilliance {unknown}
 E - 3 potions of agility {unknown}
Miscellaneous
 h - a box of beasts
 F - a phial of floods
 I - a phial of floods
Comestibles
 f - 13 rations


   Skills:
 + Level 9.6 Fighting
 + Level 14.5 Axes
 + Level 9.2 Armour
 * Level 12.1 Shields


You had 11 spell levels left.
You didn't know any spells.
Your spell library contained the following spells:

 Spells                   Type           Power        Failure   Level  Hunger
 Animate Skeleton         Necr           N/A          99%         1    ##.....
 Apportation              Tloc           #.....       99%         1    ##.....
 Confusing Touch          Hex            #.....       99%         1    ##.....
 Corona                   Hex            #......      99%         1    ##.....
 Magic Dart               Conj           #...         99%         1    ##.....
 Summon Small Mammal      Summ           #...         99%         1    ##.....
 Blink                    Tloc           N/A          100%        2    ###....
 Call Imp                 Summ           #.......     100%        2    ###....
 Ensorcelled Hibernation  Hex/Ice        #.....       100%        2    ###....
 Searing Ray              Conj           #.....       100%        2    ###....
 Slow                     Hex            #.......     100%        2    ###....
 Call Canine Familiar     Summ           #.......     100%        3    ####...
 Confuse                  Hex            #.......     100%        3    ####...
 Conjure Flame            Conj/Fire      #.......     100%        3    ####...
 Dazzling Spray           Conj/Hex       #.....       100%        3    ####...
 Gell's Gravitas          Tloc           #.........   100%        3    ####...
 Inner Flame              Hex/Fire       #.......     100%        3    ####...
 Mephitic Cloud           Conj/Pois/Air  #.......     100%        3    ####...
 Portal Projectile        Hex/Tloc       #.....       100%        3    ####...
 Summon Guardian Golem    Hex/Summ       #.......     100%        3    ####...
 Tukima's Dance           Hex            #.......     100%        3    ####...
 Cause Fear               Hex            #.........   100%        4    #####..
 Force Lance              Conj/Tloc      #.......     100%        4    #####..
 Fulminant Prism          Conj/Hex       #.........   100%        4    #####..
 Iskenderun's Mystic Bla  Conj           #.......     100%        4    #####..
 Leda's Liquefaction      Hex/Erth       #.........   100%        4    #####..
 Petrify                  Tmut/Erth      #.......     100%        4    #####..
 Summon Ice Beast         Ice/Summ       #.......     100%        4    #####..
 Summon Lightning Spire   Summ/Air       #.......     100%        4    #####..
 Metabolic Englaciation   Hex/Ice        #.........   100%        5    ######.
 Yara's Violent Unravell  Hex/Tmut       #.........   100%        5    ######.


Dungeon Overview and Level Annotations

Branches:
Dungeon (10/15)            Temple (1/1) D:4            Lair (2/6) D:10
    Orc (1/2) D:9
  Swamp: Lair:2-4    Shoals: Lair:2-4     Snake: Lair:2-4    Spider: Lair:2-4

Altars:
Ashenzari
Cheibriados
Dithmenos
Elyvilon
Fedhas
Gozag
Hepliaklqana
Kikubaaqudgha
Makhleb
Nemelex Xobeh
Okawaru
Qazlal
Ru
Sif Muna
Trog
Uskayaw
Vehumet
Wu Jian
Xom
Yredelemnul
Zin
The Shining One

Shops:
D:5 }   D:8 =   D:10 !

Annotations:
D:4 1 runed translucent door, Peloso's ghost, amateur MiFi
D:6 2 transporters, voshxz's ghost, novice MiBe


Innate Abilities, Weirdness & Mutations

You occasionally shout uncontrollably at your foes.
Your muscles are strong. (Str +2)


Message History

Unknown command.
You hack one of the 15-headed hydra's heads off!
The 14-headed hydra grows two more!
You slash the 16-headed hydra! You freeze the 16-headed hydra!
The 16-headed hydra is almost dead.
You block the 16-headed hydra's attack. x2
The 16-headed hydra bites you but does no damage.
You block the 16-headed hydra's attack. The 16-headed hydra bites you.
* * * LOW HITPOINT WARNING * * *
The 16-headed hydra bites you but does no damage.
You block the 16-headed hydra's attack. The 16-headed hydra bites you.
* * * LOW HITPOINT WARNING * * *
The 16-headed hydra closely misses you. The 16-headed hydra bites you.
* * * LOW HITPOINT WARNING * * *
The 16-headed hydra bites you.
* * * LOW HITPOINT WARNING * * *
The 16-headed hydra bites you.
* * * LOW HITPOINT WARNING * * *
The 16-headed hydra bites you.
You die...

#..#..........# ##..#....P..P..
..............## #P..#..........
......#........# #.......P..##.
#.#+#.#.......######D...(..P.....
...............#.##...P....#.....
P.....####..............#.#......
....#.........hh.hh..h...........
..##....#.##..hD##.P.#P..........
........#####..#@######..........
.........# #...### #..........
.........####..# ......
######..#.# ..## .#....
##...###... ### #..<.# ##. #...##
#. ### ##..# #.####..###


You could see a 16-headed hydra and 3 wolves.

Vanquished Creatures
  A centaur warrior (D:8)
  A two-headed ogre (D:10)
  Urug (Lair:1)
  A cyclops (D:8)
  2 centaur skeletons (D:10)
  2 spiny frogs (Lair:1)
  2 komodo dragons
  2 trolls (D:8)
  2 hornets
  3 blink frogs (Lair:1)
  2 hippogriffs
  6 yaks
  2 wyverns
  Sigmund (D:4)
  2 basilisks (Lair:1)
  A hungry ghost (D:7)
  A steam dragon (D:7)
  Grum (D:10)
  2 vampire mosquitoes (D:9)
  A floating eye (shapeshifter) (D:8)
  A water moccasin (Lair:2)
  A porcupine (Lair:1)
  2 ice beasts
  4 sky beasts
  6 ogres
  2 phantoms
  5 orc warriors
  7 wolves
  3 crocodiles
  2 big kobolds (Sewer)
  A wyvern zombie (D:10)
  3 bullfrogs
  5 scorpions
  5 killer bees (D:7)
  12 wights
  2 howler monkeys
  2 centaur zombies (D:8)
  2 bullfrog zombies
  6 hounds
  4 jellies
  5 orc priests
  5 bullfrog skeletons
  5 orc wizards
  An iguana (D:5)
  4 worker ants
  A hound zombie (D:7)
  A howler monkey zombie (D:7)
  A worker ant zombie (D:8)
  20 adders
  3 river rats
  3 oozes
  An adder zombie (D:9)
  11 worms
  A dart slug (D:1)
  5 leopard geckos
  22 orcs
  6 bats
  5 giant cockroaches
  8 hobgoblins
  9 jackals
  A quokka (D:3)
  5 ball pythons
  8 frilled lizards
  6 goblins
  A jackal zombie (D:5)
  10 kobolds
  A quokka zombie (D:8)
  10 rats
  2 butterflies (Lair:1)
  A fungus (Lair:1)
  2 plants (D:10)
275 creatures vanquished.

Vanquished Creatures (others)
  2 orcs (Orc:1)
  4 fungi (D:10)
  A plant (D:10)
7 creatures vanquished.

Grand Total: 282 creatures vanquished

Notes
Turn   | Place    | Note
-------+----------+-------------------------------------------
     0 | D:1      | Foic the Hill Orc Fighter began the quest for the Orb.
     0 | D:1      | Reached XP level 1. HP: 19/19 MP: 1/1
    69 | D:1      | Reached XP level 2. HP: 19/27 MP: 2/2
   249 | D:1      | Reached skill level 3 in Axes
   571 | D:1      | Reached XP level 3. HP: 33/33 MP: 3/3
   866 | D:2      | Reached XP level 4. HP: 40/40 MP: 4/4
   942 | D:2      | Reached skill level 4 in Axes
  1434 | D:2      | Reached XP level 5. HP: 43/47 MP: 5/5
  1656 | D:3      | You fall through a shaft!
  1686 | D:4      | Reached skill level 5 in Axes
  1734 | D:4      | Found a glowing drain.
  1739 | Sewer    | Entered a sewer
  1760 | Sewer    | Noticed a big kobold
  1778 | Sewer    | Killed a big kobold
  1778 | Sewer    | Reached XP level 6. HP: 47/53 MP: 6/6
  1858 | Sewer    | Reached skill level 6 in Axes
  2225 | Sewer    | Reached skill level 5 in Fighting
  2301 | Sewer    | Reached XP level 7. HP: 61/61 MP: 7/7
  2413 | D:4      | Noticed Sigmund
  2422 | D:4      | Killed Sigmund
  2422 | D:4      | Reached skill level 7 in Axes
  2422 | D:4      | Reached skill level 5 in Armour
  2627 | D:4      | Found a runed translucent door.
  2628 | D:4      | Noticed Peloso's ghost (amateur MiFi)
  2713 | D:4      | Found a staircase to the Ecumenical Temple.
  2720 | Temple   | Entered the Ecumenical Temple
  3003 | Temple   | Became a worshipper of Qazlal Stormbringer
  3281 | D:4      | Found a shadowy altar of Dithmenos.
  3970 | D:5      | Entered Level 5 of the Dungeon
  4122 | D:5      | Got an iridescent dagger
  4250 | D:5      | Reached skill level 8 in Axes
  4351 | D:5      | Reached XP level 8. HP: 49/69 MP: 8/8
  4397 | D:5      | Found Vunos's Gadget Shoppe.
  4432 | D:5      | Reached skill level 5 in Shields
  4435 | D:5      | Reached * piety under Qazlal
  4896 | D:6      | Reached skill level 9 in Axes
  5188 | D:6      | Found a transporter.
  5188 | D:6      | Found a transporter.
  5188 | D:6      | Noticed a hornet
  5220 | D:6      | Noticed voshxz's ghost (novice MiBe)
  5221 | D:6      | Noticed a queen bee
  5761 | D:7      | Reached XP level 9. HP: 78/78 MP: 9/9
  5814 | D:7      | Reached skill level 10 in Axes
  6835 | D:8      | Noticed a centaur warrior
  6855 | D:8      | Killed a centaur warrior
  6855 | D:8      | Reached skill level 11 in Axes
  6855 | D:8      | Reached XP level 10. HP: 52/86 MP: 10/10
  7059 | D:8      | Noticed a cyclops
  7094 | D:8      | Reached ** piety under Qazlal
  7099 | D:8      | Noticed a death drake
  7099 | D:8      | a wind drake changed into a death drake
  7103 | D:8      | a death drake changed into a floating eye
  7135 | D:8      | Killed a cyclops
  7135 | D:8      | Reached skill level 12 in Axes
  7438 | D:8      | Found Qogova Lyoc's Jewellery Shop.
  8007 | D:9      | Reached skill level 10 in Shields
  8080 | D:9      | Found a staircase to the Orcish Mines.
  8177 | D:9      | Found a sacrificial altar of Ru.
  8546 | Orc:1    | Entered Level 1 of the Orcish Mines
  8546 | Orc:1    | Noticed an orc warlord
  8546 | Orc:1    | Noticed an orc sorcerer
  8546 | Orc:1    | Noticed an orc sorcerer
  8555 | D:9      | Reached XP level 11. HP: 39/95 MP: 11/11
  8712 | D:9      | Reached skill level 13 in Axes
  8760 | D:9      | Reached *** piety under Qazlal
  8855 | D:10     | Entered Level 10 of the Dungeon
  9126 | D:10     | Noticed a two-headed ogre
  9136 | D:10     | Killed a two-headed ogre
  9235 | D:10     | Found Ekhol's Distillery.
  9237 | D:10     | Noticed Grum
  9253 | D:10     | Killed Grum
  9268 | D:10     | Gained mutation: You occasionally shout uncontrollably at
                  | your foes. [potion of mutation]
  9268 | D:10     | Gained mutation: Your muscles are strong. (Str +2) [potion
                  | of mutation]
  9315 | D:10     | Found a staircase to the Lair.
  9343 | Lair:1   | Entered Level 1 of the Lair of Beasts
  9569 | Lair:1   | Noticed Urug
  9573 | Lair:1   | Killed Urug
  9573 | Lair:1   | Reached skill level 14 in Axes
  9859 | Lair:1   | Reached XP level 12. HP: 105/105 MP: 12/12
 10336 | Lair:2   | Got a heavily runed ring mail
 10338 | Lair:2   | Noticed a six-headed hydra
 10370 | Lair:2   | HP: 2/105 [16-headed hydra (5)]
 10370 | Lair:2   | Slain by a 16-headed hydra

Skill      XL: |  1  2  3  4  5  6  7  8  9 10 11 |
---------------+----------------------------------+-----
Fighting       | 4 5 6 7 8 9 |  9.6
Axes           | 3 4 5 6 8 9 11 12 14 | 14.5
Shields        | 4 6 8 10 12 | 12.1
Armour         | 4 5 6 7 8 9 |  9.2

Action                   |  1- 3 |  4- 6 |  7- 9 | 10-12 || total
-------------------------+-------+-------+-------+-------++-------
Melee: War axe           |    84 |   311 |   398 |   480 ||  1273
  Use: Scroll            |     1 |     1 |    11 |     1 ||    14
       Potion            |       |       |     4 |     6 ||    10
  Eat: Chunk             |       |     6 |     9 |     8 ||    23
       Ration            |       |       |     4 |     1 ||     5
Armor: Scale mail        |    31 |   119 |     7 |       ||   157
       Plate armour      |       |       |   160 |   150 ||   310
Dodge: Dodged            |    23 |   103 |    53 |    64 ||   243
Block: Shield            |    49 |   131 |   212 |   327 ||   719
